 Dungeon Crawl Stone Soup version 0.31.0-11-ge490571c62 (webtiles) character file.

Game seed: 8822405201230167198

162 ces the Sneak (level 5, -1/24 HPs)
             Began as a Spriggan Earth Elementalist on Feb 3, 2024.
             Killed from afar by Pikel (4 damage)
             ... with a puff of flame
             ... on level 4 of the Dungeon.
             The game lasted 00:06:45 (3464 turns).

ces the Sneak (Spriggan Earth Elementalist)         Turns: 3464, Time: 00:06:45

Health: -1/24      AC:  2    Str:  4    XL:     5   Next: 19%
Magic:  8/11       EV: 18    Int: 18    God:
Gold:   175        SH:  0    Dex: 16    Spells: 7/11 levels left

rFire   . . .        (weapon restricted)
rCold   . . .        (no shield)
rNeg    . . .        a - +0 robe
rPois   .            (helmet restricted)
rElec   .            (no cloak)
rCorr   .            (gloves unavailable)
SInv    +            (boots unavailable)
Will    .....        (no amulet)
Stlth   +++          (no ring)
HPRegen 0.24/turn    (no ring)
MPRegen 0.12/turn

%: no passive effects
@: very quick
A: very small, no large weapons, unfitting armour, see invisible, speed 3
a: no special abilities


You were on level 4 of the Dungeon.
You visited 1 branch of the dungeon, and saw 4 of its levels.

You collected 175 gold pieces.

Inventory:

Armour
 a - a +0 robe (worn)
Scrolls
 d - 3 scrolls of teleportation {unknown}
 e - a scroll of poison {unknown}
 f - a scroll of fog {unknown}
 i - 2 scrolls of identify {unknown}
 k - a scroll of silence {unknown}
Potions
 b - a potion of magic
 c - a potion of lignification {unknown}
 g - a potion of degeneration {unknown}
 h - a potion of haste {unknown}
 j - 2 potions of heal wounds {unknown}
 l - 2 potions of berserk rage {unknown}
 m - a potion of curing {unknown}


   Skills:
 + Level 3.7 Dodging
 + Level 4.3 Stealth
 + Level 3.5 Spellcasting
 * Level 1.9 Conjurations
 * Level 3.6 Earth Magic


You had 7 spell levels left.
You knew the following spells:

 Your Spells              Type           Power      Damage    Failure   Level
a - Sandblast             Erth           32%        2d9       3%          1
b - Stone Arrow           Conj/Erth      26%        3d8       14%         3

Your spell library contained the following spells:

 Spells                   Type           Power      Damage    Failure   Level
 Passwall                 Erth           16%        N/A       11%         3
 Brom's Barrelling Bould  Conj/Erth      13%        2d4       43%         4
 Petrify                  Alch/Erth      9%         N/A       58%         4


Dungeon Overview and Level Annotations

Branches:
Dungeon (4/15)
 Temple: D:4-7

Altars:
Okawaru

Annotations:
D:3 Grinder
D:4 Pikel


Innate Abilities, Weirdness & Mutations

You are very small and have problems with some larger weapons.
You are too small for most types of armour.
You have supernaturally acute eyesight. (SInv)
You cover ground extremely quickly. (Speed+++)


Message History

You feel sick.
You feel sick.
You feel sick.
You are no longer poisoned.
Magic restored.
HP restored.
The endoplasm quivers.
An endoplasm is nearby!
An endoplasm is nearby!
The blast of sand hits the endoplasm!
You kill the endoplasm!
You can't see any susceptible monsters within range! (Use Z to cast anyway.)
A goblin comes into view.
It is wielding a +0 dagger and carrying a wand of acid.
A goblin is nearby!
The blast of sand misses the goblin.
The goblin shouts!
The goblin zaps a wand.
The bolt of acid misses you.
The goblin zaps a wand.
The bolt of acid misses you.
You hear a shout!
The blast of sand hits the goblin!
You kill the goblin!
Pikel, Merchant of Souls comes into view.
He is wielding a +0 whip of electrocution and carrying a wand of flame.
Pikel is nearby!
The blast of sand hits Pikel but does no damage.
Pikel shouts!
You hear a shout!
A lemure comes into view.
The blast of sand hits Pikel.
Pikel is lightly wounded.
The blast of sand misses Pikel.
The blast of sand hits the lemure.
The lemure is lightly wounded.
Pikel hits you with a +0 whip of electrocution!
A lemure comes into view.
Pikel zaps a wand.
The puff of flame hits you!
* * * LOW HITPOINT WARNING * * *
The lemure shouts!
Okay, then.
Okay, then.
Pikel zaps a wand.
The puff of flame hits you.
You die...
Pikel says, "Another soul for the market."

.# ......# ###.....# #
#..<....# #.#.
.....####
####.#.#+#......
#.#.#.#.......##
#$#.#'.@......##
#.#.#.......(.#
#.#.....#..#†##
#5#K.#......)#
#.#5###..####†# .
#.#.#..#..#..<.###....
#.#.#
#.#..#...........
#.#.# .#.........#####
#.#.# #.##.#.....#


You could see Pikel and 2 lemures.

Vanquished Creatures
  A bombardier beetle (D:4)
  An orc wizard (D:3)
  3 adders
  A dart slug (D:3)
  13 orcs
  6 endoplasms
  2 giant cockroaches (D:1)
  9 goblins
  3 hobgoblins (D:1)
  5 jackals
  2 quokkas
  3 ball pythons (D:2)
  A bat (D:1)
  3 kobolds
  3 rats
56 creatures vanquished.

Notes
Turn   | Place    | Note
-------+----------+-------------------------------------------
     0 | D:1      | ces the Spriggan Earth Elementalist began the quest for the
                  | Orb.
     0 | D:1      | Reached XP level 1. HP: 9/9 MP: 5/5
   212 | D:1      | Reached skill level 1 in Conjurations
   372 | D:1      | Reached XP level 2. HP: 13/13 MP: 4/6
  1810 | D:3      | Reached XP level 3. HP: 16/16 MP: 5/8
  2068 | D:2      | Learned a level 3 spell: Stone Arrow
  2274 | D:3      | Reached XP level 4. HP: 21/21 MP: 4/9
  2712 | D:3      | Found a faded altar of an unknown god.
  2714 | D:3      | Reached skill level 4 in Stealth
  2891 | D:3      | Noticed Grinder
  2916 | D:3      | Found an iron altar of Okawaru.
  3338 | D:4      | Reached XP level 5. HP: 17/24 MP: 7/11
  3458 | D:4      | Noticed Pikel
  3459 | D:4      | Noticed a lemure
  3461 | D:4      | Noticed a lemure
  3464 | D:4      | Killed from afar by Pikel

Illustrated notes

Levels and vault maps discovered:
D:1:      dpeg_arrival_another_circle, layout_basic
D:2:      layout_basic
D:3:      layout_loops_ring, nicolae_overflow_hidden_temple, okawaru_gym_becter,
          ebering_ecumenical_altar_hall, grunt_decor_resistance, uniq_grinder
D:4:      layout_basic, mainiacjoe_overflow_brackets, hangedman_feature_mirror,
          uniq_pikel

Skill      XL: |  1  2  3  4 |
---------------+-------------+-----
Conjurations   | 1 |  1.9
Dodging        | 3 |  3.7
Earth Magic    | 3 |  3.6
Spellcasting   | 3 |  3.5
Stealth        | 4 |  4.3

Action                     |  1- 3 |  4- 6 || total
---------------------------+-------+-------++-------
   Cast: Sandblast         |    59 |    45 ||   104
         Stone Arrow       |       |     2 ||     2
 Armour: Robe              |    14 |     9 ||    23
  Dodge: Dodged            |    19 |    12 ||    31
